Match 29260647
Unlisted

Match 29260647
End
Engineer Squad
Construct Barracks
Riflemen Squad
Selects Airborne Battlegroup
Riflemen Squad
Riflemen Squad
Infantry Support Center
Construct Medical Station
Grenade Package
Selects Heavy Machine Gun Paradrop
Selects Paratrooper Squad Paradrop
Riflemen Squad
Construct Motor Pool
M1 Anti-tank Gun Team
Selects Anti-tank Gun Team Paradrop
M1 Mortar Team
M24 Chaffee Light Tank
Heavy Machine Gun Paradrop
M8 Greyhound Armored Car
Selects Smoke Bombing Run
Selects Supply Drop
Advanced Logistics
Selects Dual P-47 Rocket Strike
Heavy Machine Gun Paradrop
Anti-tank Gun Team Paradrop
Construct Tank Depot
Dual P-47 Rocket Strike
M4A1 Sherman Medium Tank
jamister911
Nukepapa
0
0

Comments sign in to comment!

No comments posted yet!